 Dungeon Crawl Stone Soup version 0.22.1-6-g1668fe2 (webtiles) character file.

632 Monzz the Charmwright (level 7, -6/56 HPs)
             Began as a Gnoll Skald on Jan 27, 2019.
             Mangled by an orc warrior
             ... wielding a cursed +0 dire flail
              (15 damage)
             ... on level 5 of the Dungeon.
             The game lasted 00:15:06 (3508 turns).

Monzz the Charmwright (Gnoll Skald)                 Turns: 3508, Time: 00:15:06

Health: -6/56      AC: 10    Str: 13 (15) XL:     7   Next: 49%
Magic:  3/15       EV: 13    Int: 14 (15) God:
Gold:   108        SH:  0    Dex: 15      Spells: 13/17 levels left

rFire    . . .     SeeInvis .   a - +0 spear
rCold    . . .     Gourm    .   (no shield)
rNeg     . . .     Faith    .   j - +0 ring mail
rPois    .         Spirit   .   (no helmet)
rElec    .         Reflect  .   (no cloak)
rCorr    .         Harm     .   c - +0 pair of gloves
MR       .....                  f - +2 pair of boots
Stlth    ++........             (no amulet)
HPRegen  0.18/turn              (no ring)
MPRegen  0.14/turn              (no ring)

@: infused, very slightly contaminated
A: distributed training, fangs 1, strong nose
a: no special abilities


You were on level 5 of the Dungeon.
You were not hungry.

You visited 1 branch of the dungeon, and saw 5 of its levels.

You collected 108 gold pieces.

Inventory:

Hand Weapons
 a - a +0 spear (weapon)
Armour
 c - a +0 pair of gloves (worn)
 f - a +2 pair of boots (worn)
 h - a +0 plate armour
 j - a +0 ring mail (worn)
Wands
 k - a wand of clouds (4)
Scrolls
 b - 3 scrolls of remove curse
 i - a scroll of identify
 n - a scroll of teleportation
 o - a scroll of immolation {unknown}
 r - a scroll of enchant weapon {unknown}
Potions
 e - a potion of degeneration
 g - a potion of lignification
 l - 2 potions of ambrosia {unknown}
 m - 3 potions of curing {unknown}
Comestibles
 d - 6 rations
 p - 2 chunks of flesh


   Skills:
 + Level 5.2 Fighting
 + Level 2.5 Short Blades
 + Level 2.5 Long Blades
 + Level 2.5 Axes
 + Level 2.5 Maces & Flails
 + Level 5.2 Polearms
 + Level 2.5 Staves
 + Level 2.5 Slings
 + Level 2.5 Bows
 + Level 2.5 Crossbows
 + Level 2.5 Throwing
 + Level 3.6 Armour
 + Level 5.2 Dodging
 + Level 2.5 Stealth
 + Level 2.5 Shields
 + Level 2.5 Unarmed Combat
 + Level 5.6 Spellcasting
 + Level 2.0 Conjurations
 + Level 2.0 Hexes
 + Level 5.8 Charms
 + Level 2.0 Summonings
 + Level 2.0 Necromancy
 + Level 2.0 Translocations
 + Level 2.0 Transmutations
 + Level 2.0 Fire Magic
 + Level 2.0 Ice Magic
 + Level 2.0 Air Magic
 + Level 2.0 Earth Magic
 + Level 2.0 Poison Magic
 + Level 2.7 Invocations
 + Level 2.5 Evocations


You had 13 spell levels left.
You knew the following spells:

 Your Spells              Type           Power        Failure   Level  Hunger
a - Infusion              Chrm           ###.         3%          1    None
b - Regeneration          Chrm/Necr      ###.......   21%         3    ###....

Your spell library contained the following spells:

 Spells                   Type           Power        Failure   Level  Hunger
 Song of Slaying          Chrm           ###.....     4%          2    ##.....
 Shroud of Golubria       Chrm/Tloc      ###.......   10%         2    ##.....
 Spectral Weapon          Hex/Chrm       ###.....     21%         3    ###....


Dungeon Overview and Level Annotations

Branches:
Dungeon (5/15)
 Temple: D:4-7

Altars:
Cheibriados
Dithmenos
Makhleb
Okawaru
Qazlal
Zin


Innate Abilities, Weirdness & Mutations

Your experience applies equally to all skills.
You have very sharp teeth.
Your uncanny sense of smell can sniff out nearby items.


Message History

An adder comes into view.
You hit the orc warrior but do no damage.
Your bite misses the orc warrior.
The orc warrior is almost dead.
The orc warrior hits you but does no damage.
You hit the orc warrior but do no damage.
The orc warrior is almost dead.
The orc warrior closely misses you.
You completely miss the orc warrior.
The orc warrior is almost dead.
You hit the orc warrior.
The orc warrior is almost dead.
The orc warrior misses you.
Casting: Regeneration (safe; 21% risk of failure)
Confirm with . or Enter, or press ? or * to list all spells.
You don't have enough magic to cast that spell.
You hit the orc warrior but do no damage.
The orc warrior is almost dead.
The orc warrior hits you with a dire flail!
You die...

.............So######
........######o# ∆
####+#....# #)# ∆
∆#..#.# #o# #####.#.#
#.### #.....#.. #.oo#
#.##..###. ###S#
#...# .# #o# #...# #
#@# ###..##.# #.#
#......(# #.#
###.####### #.# #...#
#.# #.### ..# #.# ###
..# ###


You could see an orc warrior, an adder and 2 orcs.

Vanquished Creatures
  3 ogres (D:4)
  2 orc wizards
  A hound (D:4)
  4 worker ants (D:4)
  3 adders
  2 shadow imps
  An ooze (D:1)
  2 worms
  2 dart slugs (D:1)
  4 leopard geckos
  17 orcs
  2 ball pythons
  4 giant cockroaches
  16 goblins
  9 hobgoblins
  19 jackals
  8 kobolds
  3 quokkas
  10 bats
  6 frilled lizards
  5 rats
123 creatures vanquished.

Notes
Turn   | Place    | Note
-------+----------+-------------------------------------------
     0 | D:1      | Monzz the Gnoll Skald began the quest for the Orb.
     0 | D:1      | Reached XP level 1. HP: 20/20 MP: 6/6
   135 | D:1      | Reached XP level 2. HP: 26/26 MP: 7/7
   222 | D:1      | Reached XP level 3. HP: 12/31 MP: 9/9
   258 | D:1      | Reached skill level 5 in Spellcasting
   327 | D:1      | Learned a level 3 spell: Regeneration
   477 | D:1      | Reached skill level 1 in Invocations
   732 | D:2      | Reached skill level 1 in Short Blades
   732 | D:2      | Reached skill level 1 in Long Blades
   732 | D:2      | Reached skill level 1 in Axes
   732 | D:2      | Reached skill level 1 in Maces & Flails
   732 | D:2      | Reached skill level 1 in Staves
   732 | D:2      | Reached skill level 1 in Slings
   732 | D:2      | Reached skill level 1 in Bows
   732 | D:2      | Reached skill level 1 in Crossbows
   732 | D:2      | Reached skill level 1 in Throwing
   732 | D:2      | Reached skill level 1 in Stealth
   732 | D:2      | Reached skill level 1 in Shields
   732 | D:2      | Reached skill level 1 in Unarmed Combat
   732 | D:2      | Reached skill level 1 in Evocations
   759 | D:2      | Reached XP level 4. HP: 33/38 MP: 2/11
   791 | D:2      | Found an iron altar of Okawaru.
  1051 | D:2      | Reached skill level 1 in Conjurations
  1051 | D:2      | Reached skill level 1 in Hexes
  1051 | D:2      | Reached skill level 1 in Summonings
  1051 | D:2      | Reached skill level 1 in Necromancy
  1051 | D:2      | Reached skill level 1 in Translocations
  1051 | D:2      | Reached skill level 1 in Transmutations
  1051 | D:2      | Reached skill level 1 in Fire Magic
  1051 | D:2      | Reached skill level 1 in Ice Magic
  1051 | D:2      | Reached skill level 1 in Air Magic
  1051 | D:2      | Reached skill level 1 in Earth Magic
  1051 | D:2      | Reached skill level 1 in Poison Magic
  1520 | D:3      | Reached XP level 5. HP: 26/43 MP: 8/12
  2252 | D:3      | Found a snail-covered altar of Cheibriados.
  2252 | D:3      | Found a glowing silver altar of Zin.
  2263 | D:3      | Found a burning altar of Makhleb.
  2266 | D:3      | Found a stormy altar of Qazlal.
  2324 | D:3      | Found a faded altar of an unknown god.
  2547 | D:4      | Noticed an ogre
  2563 | D:4      | Killed an ogre
  2563 | D:4      | Reached XP level 6. HP: 37/50 MP: 7/14
  2572 | D:4      | Reached skill level 5 in Fighting
  2572 | D:4      | Reached skill level 5 in Polearms
  2572 | D:4      | Reached skill level 5 in Dodging
  2638 | D:4      | Found a shadowy altar of Dithmenos.
  3044 | D:4      | Reached XP level 7. HP: 13/56 MP: 3/15
  3435 | D:5      | Entered Level 5 of the Dungeon
  3508 | D:5      | Mangled by an orc warrior

Skill      XL: |  1  2  3  4  5  6  7 |
---------------+----------------------+-----
Spellcasting   | 5 |  5.6
Invocations    | 1 2 |  2.7
Short Blades   | 1 2 |  2.5
Long Blades    | 1 2 |  2.5
Axes           | 1 2 |  2.5
Maces & Flails | 1 2 |  2.5
Staves         | 1 2 |  2.5
Slings         | 1 2 |  2.5
Bows           | 1 2 |  2.5
Crossbows      | 1 2 |  2.5
Throwing       | 1 2 |  2.5
Stealth        | 1 2 |  2.5
Shields        | 1 2 |  2.5
Unarmed Combat | 1 2 |  2.5
Evocations     | 1 2 |  2.5
Conjurations   | 1 2 |  2.0
Hexes          | 1 2 |  2.0
Summonings     | 1 2 |  2.0
Necromancy     | 1 2 |  2.0
Translocations | 1 2 |  2.0
Transmutations | 1 2 |  2.0
Fire Magic     | 1 2 |  2.0
Ice Magic      | 1 2 |  2.0
Air Magic      | 1 2 |  2.0
Earth Magic    | 1 2 |  2.0
Poison Magic   | 1 2 |  2.0
Armour         | 3 |  3.6
Fighting       | 5 |  5.2
Polearms       | 5 |  5.2
Dodging        | 5 |  5.2
Charms         | |  5.8

Action                   |  1- 3 |  4- 6 |  7- 9 || total
-------------------------+-------+-------+-------++-------
Melee: Spear             |   143 |   405 |    74 ||   622
       Bite              |    10 |    46 |    10 ||    66
       Punch             |       |       |     1 ||     1
 Cast: Infusion          |     3 |     6 |     4 ||    13
       Regeneration      |       |    13 |     3 ||    16
  Use: Scroll            |     1 |     5 |       ||     6
       Potion            |       |     4 |     1 ||     5
 Stab: Sleeping          |       |     3 |     2 ||     5
  Eat: Chunk             |       |     9 |     2 ||    11
Armor: Leather armour    |    11 |       |       ||    11
       Plate armour      |    22 |       |       ||    22
       Ring mail         |     9 |    95 |     9 ||   113
       Skin              |       |     7 |       ||     7
Dodge: Dodged            |    67 |   241 |    36 ||   344
